 Dungeon Crawl Stone Soup version 0.31-a0-744-gbc345e7fcb (webtiles) character file.

Game seed: 2599279223393515429

11 GordonOverkill the Sneak (level 2, -1/25 HPs)
             Began as a Barachi Delver on Sept 13, 2023.
             Succumbed to a scorpion's poison
             ... on level 5 of the Dungeon.
             The game lasted 00:01:13 (208 turns).

GordonOverkill the Sneak (Barachi Delver)            Turns: 208, Time: 00:01:13

Health: -1/25      AC:  3    Str: 13    XL:     2   Next: 29%
Magic:  2/2        EV: 12    Int: 10    God:
Gold:   0          SH:  0    Dex: 13    Spells: 1/1 levels left

rFire   . . .        a - +0 hand axe
rCold   . . .        (no shield)
rNeg    . . .        b - +0 leather armour
rPois   .            (no helmet)
rElec   .            (no cloak)
rCorr   .            (no gloves)
SInv    .            (no boots)
Will    .....        (no amulet)
Stlth   ++           (no ring)
HPRegen 0.24/turn    (no ring)
MPRegen 0.08/turn

%: no passive effects
@: lethally poisoned (-1 -> -21), unable to hop, hasted, quick
A: amphibious, slowness 1, strong legs 1, +LOS
a: Hop


You were on level 5 of the Dungeon.
You visited 1 branch of the dungeon, and saw 1 of its levels.

Inventory:

Hand Weapons
 a - a +0 hand axe (weapon)
Armour
 b - a +0 leather armour (worn)
Wands
 g - a wand of digging (3)
Scrolls
 c - a scroll of fog
 d - a scroll of revelation


   Skills:
 - Level 4.0 Fighting
 + Level 2.9 Axes
 - Level 2.1 Dodging
 - Level 4.5 Stealth


You had one spell level left.
You didn't know any spells.
Your spell library contained the following spells:

 Spells                   Type           Power      Damage    Failure   Level
 Apportation              Tloc           0%         N/A       43%         1
 Necrotise                Necr           0%         1d4       43%         1
 Summon Small Mammal      Summ           0%         N/A       43%         1


Dungeon Overview and Level Annotations

Branches:
Dungeon (5/15)
 Temple: D:4-7

Altars:
Qazlal


Innate Abilities, Weirdness & Mutations

You are amphibious.
You cover ground slowly.
You can hop short distances.
You have an extended range of vision and can be seen from far away.


Message History

Press: ? - help, Dir - move target, f - you
Okay, then.
Hop to where?
Press: ? - help, Dir - move target Boing!
You hit the scorpion.
The scorpion is lightly wounded.
The scorpion stings you.
The scorpion stings you but does no damage.
You feel yourself speed up. The scorpion barely misses you.
You closely miss the scorpion.
The scorpion is lightly wounded.
The scorpion barely misses you.
You hit the scorpion.
The scorpion is moderately wounded.
The scorpion stings you but does no damage.
You hit the scorpion but do no damage.
The scorpion is moderately wounded.
The scorpion stings you.
You hit the scorpion but do no damage.
The scorpion is moderately wounded.
The scorpion stings you!
* * * LOW HITPOINT WARNING * * *
You are lethally poisoned!
The scorpion poisons you!
You closely miss the scorpion.
The scorpion is moderately wounded.
* * * LOW HITPOINT WARNING * * *
You feel very sick. The scorpion stings you.
* * * LOW HITPOINT WARNING * * *
You are more poisoned.
The scorpion poisons you!
You hit the scorpion but do no damage.
The scorpion is moderately wounded.
* * * LOW HITPOINT WARNING * * *
You feel very sick.
You hit the scorpion.
The scorpion is heavily wounded.
You die...

##.............. ........
ss.....S........ ........
###.####.!. #..##..).....
.......#... ##............
.......#....+....#.......[
.......#....#...รท#########
..._...^........>#
.......#.####....#
.......#.# #...@#
.......#.# #...s#
###^####.## #....#
..s.......###....#
##...............#
############....# #....#
#....# #....#


You could see a scorpion.

Vanquished Creatures
  An adder (D:5)
  2 jackals (D:5)
3 creatures vanquished.

Notes
Turn   | Place    | Note
-------+----------+-------------------------------------------
     0 | D:5      | GordonOverkill the Barachi Delver began the quest for the
                  | Orb.
     0 | D:5      | Reached XP level 1. HP: 18/18 MP: 1/1
    11 | D:5      | Noticed a scorpion
    34 | D:5      | Found a stormy altar of Qazlal.
    49 | D:5      | Noticed a scorpion
   116 | D:5      | Reached XP level 2. HP: 22/25 MP: 2/2
   207 | D:5      | HP: 1/25 [poisoned by a scorpion]
   208 | D:5      | Succumbed to a scorpion's poison

Illustrated notes

Levels and vault maps discovered:
D:5:      layout_basic, nicolae_overflow_macrodata_refinement,
          lemuel_tele_altar, minmay_temple_entry_drinking_statues,
          glass_columns_c

Skill      XL: |  1 |
---------------+----+-----
Fighting       | 4 |  4.0
Axes           | |  2.9
Dodging        | |  2.1
Stealth        | |  4.5

Action                     || total
---------------------------++-------
  Melee: Hand axe          ||    22
Ability: Hop               ||     2
    Use: Scroll            ||     1
         Potion            ||     1
 Armour: Leather armour    ||    17
  Dodge: Dodged            ||    27

Table legend: (Time is in decaauts)
 A = Elapsed time spent in this place.
 B = Non-inter-level travel time spent in this place.
 C = Inter-level travel time spent in this place.
 D = Time resting spent in this place.
 E = Time spent auto-exploring this place.
 F = Levels seen in this place.
 G = Mean time per level.
                   A        B        C        D        E       F      G
               +--------+--------+--------+--------+--------+-----+--------+
         Total |    225 |    225 |      0 |    102 |      0 |   1 |  225.0 |
       Dungeon |    225 |    225 |      0 |    102 |      0 |   1 |  225.0 |
               +--------+--------+--------+--------+--------+-----+--------+

Top non-repeatable levels by time:
     D:5: 225 daAuts
